 Dungeon Crawl Stone Soup version 0.21.2 (webtiles) character file.

24 tidbits the Magician (level 3, 27/46 HPs)
             Began as a Gnoll Wanderer on Jan 16, 2019.
             Quit the game on level 3 of the Dungeon.
             The game lasted 00:04:38 (370 turns).

tidbits the Magician (Gnoll Wanderer)                Turns: 370, Time: 00:04:39

Health: 27/46      AC: 21    Str: 13    XL:     3   Next: 2%
Magic:  18/18      EV:  2    Int: 16    God:
Gold:   61         SH:  0    Dex: 17    Spells: 11/11 levels left

rFire    . . .     SeeInvis .   a - +0 mace
rCold    . . .     Gourm    .   (no shield)
rNeg     + + +     Faith    .   (armour currently unavailable)
rPois    +         Spirit   .   (helmet currently unavailable)
rElec    .         Reflect  .   (cloak currently unavailable)
rCorr    .         Harm     .   (gloves currently unavailable)
MR       .....     NoTele   +   (boots currently unavailable)
Stlth    ++........             (no amulet)
HPRegen  0.15/turn              h - ring of magical power
MPRegen  0.16/turn              j - +3 ring of dexterity

@: mildly poisoned (27 -> 21), tree-form
A: distributed training, strong nose
a: no special abilities


You were on level 3 of the Dungeon.
You were full.
You were a tree.
You visited 1 branch of the dungeon, and saw 3 of its levels.

You collected 61 gold pieces.

Inventory:

Hand Weapons
 a - a +0 mace (weapon)
 g - a +0 blowgun
 l - a +0 short sword
Missiles
 c - 3 poisoned needles
 e - 18 sling bullets
 i - 9 bolts
Armour
 d - a +0 ring mail of fire resistance
   (You found it on level 1 of the Dungeon)
 B - a +2 scale mail (melded)
Jewellery
 h - a ring of magical power (left branch)
   (You found it on level 1 of the Dungeon)
 j - a +3 ring of dexterity (right branch)
   (You found it on level 1 of the Dungeon)
Scrolls
 n - a scroll of identify {unknown}
Potions
 k - a potion of heal wounds {unknown}
 m - a potion of might {unknown}
Comestibles
 f - a ration


   Skills:
 + Level 4.5 Fighting
 + Level 0.5 Short Blades
 + Level 0.5 Long Blades
 + Level 2.5 Axes
 + Level 0.5 Maces & Flails
 + Level 0.5 Polearms
 + Level 0.5 Staves
 + Level 0.5 Slings
 + Level 0.5 Bows
 + Level 0.5 Crossbows
 + Level 4.5 Throwing
 + Level 4.5 Armour
 + Level 0.5 Dodging
 + Level 0.5 Stealth
 + Level 0.5 Shields
 + Level 0.5 Unarmed Combat
 + Level 4.9 Spellcasting
 + Level 0.4 Conjurations
 + Level 0.4 Hexes
 + Level 0.4 Charms
 + Level 2.0 Summonings
 + Level 0.4 Necromancy
 + Level 0.4 Translocations
 + Level 0.4 Transmutations
 + Level 0.4 Fire Magic
 + Level 0.4 Ice Magic
 + Level 0.4 Air Magic
 + Level 0.4 Earth Magic
 + Level 0.4 Poison Magic
 + Level 0.7 Invocations
 + Level 0.5 Evocations


You had 11 spell levels left.
You didn't know any spells.

Dungeon Overview and Level Annotations

Branches:
Dungeon (3/15)

Altars:


Innate Abilities, Weirdness & Mutations

Your experience applies equally to all skills.
((You have very sharp teeth.))
Your uncanny sense of smell can sniff out nearby items.


Message History

Unknown command.
Found 12 gold pieces.
Found a brown potion.
Unknown command.
A kobold comes into view. It is wielding a short sword.
Found an escape hatch in the ceiling.
You see here a brown potion.
Unknown command.
m - a brown potion You barely miss the kobold.
The kobold hits you with a short sword. The kobold hits you but does no damage.
You barely miss the kobold. The kobold hits you with a short sword.
You barely miss the kobold. Your punch misses the kobold.
The kobold hits you with a short sword.
You barely miss the kobold. The kobold hits you but does no damage.
The kobold barely misses you.
You barely miss the kobold. The kobold closely misses you.
You barely miss the kobold. The kobold barely misses you. x2
You closely miss the kobold. The kobold hits you but does no damage.
You hit the kobold.
You kill the kobold!
Found a scale mail.
Found a stone staircase leading down.
There is a stone staircase leading down here.
You climb downwards.
Found a bubbling silvery potion.
Found an escape hatch in the ceiling.
There is a stone staircase leading up here.
Found 8 gold pieces, a scroll labeled DIRODD NUOCIXA and a scale mail.
You see here 8 gold pieces.
You now have 61 gold pieces (gained 8).
You see here a scroll labeled DIRODD NUOCIXA.
n - a scroll labeled DIRODD NUOCIXA Unknown command.
An adder comes into view.
The adder hisses angrily.
The adder moves out of view.
Unknown command.
You are now empty-handed.
Wield which item (- for none, * to show all)? (? for menu, Esc to quit)
g - a +0 blowgun (weapon)
Firing (i - inventory):
c - 7 poisoned needles (quivered)
Press: ? - help, Shift-Dir - straight line, f - adder
Aim: an adder You shoot a poisoned needle.
The poisoned needle misses the adder.
Firing (i - inventory):
c - 6 poisoned needles (quivered)
Press: ? - help, Shift-Dir - straight line, f/p - adder
Aim: an adder You shoot a poisoned needle.
The poisoned needle closely misses the adder.
Firing (i - inventory):
c - 5 poisoned needles (quivered)
Press: ? - help, Shift-Dir - straight line, f/p - adder
Aim: an adder You shoot a poisoned needle.
The poisoned needle barely misses the adder.
Firing (i - inventory):
c - 4 poisoned needles (quivered)
Press: ? - help, Shift-Dir - straight line, f/p - adder
Aim: an adder You shoot a poisoned needle.
The poisoned needle barely misses the adder.
Wield which item (- for none, * to show all)? (? for menu, Esc to quit)
a - a +0 mace (weapon)
The adder bites you but does no damage.
You miss the adder. The adder bites you but does no damage.
You closely miss the adder. The adder bites you but does no damage.
The adder barely misses you.
You miss the adder.
The adder bites you but does no damage. x2
You closely miss the adder. The adder bites you but does no damage.
The adder barely misses you.
You sock the adder!
The adder is severely wounded.
The adder bites you.
You are poisoned.
The adder poisons you! The adder misses you.
You hit the adder.
The adder is severely wounded.
You feel sick. The adder bites you.
You are more poisoned.
The adder poisons you!
You hit the adder but do no damage.
The adder is severely wounded.
You feel sick. The adder barely misses you. x2
You barely miss the adder.
The adder is severely wounded.
You feel sick. The adder bites you but does no damage. The adder bites you.
You miss the adder.
The adder is severely wounded.
You feel sick. The adder barely misses you.
You sock the adder!
You kill the adder!
You have reached level 3!
Your experience leads to an increase in your attributes!
Your base attributes are Str 13, Int 15, Dex 14.
Increase (S)trength, (I)ntelligence, or (D)exterity?
You feel clever.
You feel sick.
It was a potion of lignification.
You turn into a tree.
Your +2 scale mail melds into your body.
Your roots penetrate the ground.
Are you sure you want to abandon this character and quit the game? (Confirm with "yes".)

## #. ...#. #.#.# .
.... ########[###. ...
#..###............
...(#...##.######.###.
#.(((†♣..<......<
#.#...##.########
##.###.# ## #.# ∆ ..#
###


There were no monsters in sight!

Vanquished Creatures
  An adder (D:3)
  A leopard gecko (D:1)
  A bat (D:1)
  3 goblins (D:1)
  3 hobgoblins (D:1)
  2 kobolds
  2 rats (D:1)
13 creatures vanquished.

Notes
Turn   | Place    | Note
-------+----------+-------------------------------------------
     0 | D:1      | tidbits the Gnoll Wanderer began the quest for the Orb.
     0 | D:1      | tidbits set off with: a +2 scale mail, a +0 mace, 7 poisoned needles, a +0 blowgun, a ration
     0 | D:1      | Reached XP level 1. HP: 20/20 MP: 6/6
   108 | D:1      | Reached skill level 2 in Summonings
   109 | D:1      | Reached XP level 2. HP: 26/26 MP: 7/7
   368 | D:3      | Reached XP level 3. HP: 19/31 MP: 9/9
   370 | D:3      | Quit the game

Skill      XL: |  1 |
---------------+----+-----
Summonings     | 2 |  2.0
Fighting       | |  4.5
Short Blades   | |  0.5
Long Blades    | |  0.5
Axes           | |  2.5
Maces & Flails | |  0.5
Polearms       | |  0.5
Staves         | |  0.5
Slings         | |  0.5
Bows           | |  0.5
Crossbows      | |  0.5
Throwing       | |  4.5
Armour         | |  4.5
Dodging        | |  0.5
Stealth        | |  0.5
Shields        | |  0.5
Unarmed Combat | |  0.5
Spellcasting   | |  4.9
Conjurations   | |  0.4
Hexes          | |  0.4
Charms         | |  0.4
Necromancy     | |  0.4
Translocations | |  0.4
Transmutations | |  0.4
Fire Magic     | |  0.4
Ice Magic      | |  0.4
Air Magic      | |  0.4
Earth Magic    | |  0.4
Poison Magic   | |  0.4
Invocations    | |  0.7
Evocations     | |  0.5

Action                   || total
-------------------------++-------
Melee: Mace              ||    38
 Fire: Blowgun           ||     8
  Use: Potion            ||     1
  Eat: Ration            ||     1
Armor: Scale mail        ||    19
Dodge: Dodged            ||    22

Table legend:
 A = Turns spent in this place as a percentage of turns spent in the entire game.
 B = Non-inter-level travel turns spent in this place as a percentage of non-inter-level travel turns spent in the entire game.
 C = Inter-level travel turns spent in this place as a percentage of turns spent in this place.
 D = Turns resting spent in this place as a percentage of non-inter-level travel turns spent in this place.
 E = Turns spent auto-exploring this place as a percentage of non-inter-level travel turns spent in this place.
 F = Non-inter-level travel turns spent in this place divided by the number of levels of this place that you've seen.
                   A       B       C       D       E      F
               +-------+-------+-------+-------+-------+----------------------
         Total | 100.0 | 100.0 |   0.0 |   0.0 |   0.0 | 123.3
       Dungeon | 100.0 | 100.0 |   0.0 |   0.0 |   0.0 | 123.3
               +-------+-------+-------+-------+-------+----------------------

Table legend:
 A = Kills in this place as a percentage of kills in entire the game.
 B = Kills by you in this place as a percentage of kills by you in the entire game.
 C = Kills by friends in this place as a percentage of kills by friends in the entire game.
 D = Other kills in this place as a percentage of other kills in the entire game.
 E = Experience gained in this place as a percentage of experience gained in the entire game.
 F = Experience gained in this place divided by the number of levels of this place that you have seen.
                   A       B       C       D       E      F
               +-------+-------+-------+-------+-------+----------------------
         Total | 100.0 | 100.0 |   N/A |   N/A | 100.0 |  11.7
       Dungeon | 100.0 | 100.0 |   N/A |   N/A | 100.0 |  11.7
               +-------+-------+-------+-------+-------+----------------------

Vault maps used:
D:1:      dpeg_arrival_rhombus
D:2:      lemuel_doored_altar, kennysheep_vampire_church, serial_forest,
          infiniplex_forest_clump_cross, infiniplex_forest_fountain,
          infiniplex_forest_end_2, infiniplex_forest_clump_tiny,
          minmay_door_square, serial_bayou_ford_a
D:3:      nicolae_overflow_crystal_walls, uniq_grinder
